 Dungeon Crawl Stone Soup version 0.31-a0-192-ga50d7bf3bb (webtiles) character file.

Game seed: 80200072573547237

102 qw the Shooter (level 4, 0/25 HPs)
             Began as a Deep Elf Hunter on June 23, 2023.
             Succumbed to their own poison gas
             ... on level 2 of the Dungeon.
             The game lasted 00:00:25 (1502 turns).

qw the Shooter (Deep Elf Hunter)                    Turns: 1502, Time: 00:00:25

Health: 0/25       AC:  3    Str: 10    XL:     4   Next: 50%
Magic:  6/6        EV: 13    Int: 14    God:
Gold:   111        SH:  0    Dex: 18    Spells: 3/3 levels left

rFire   + . .        a - +8 storm bow {elec, penet}
rCold   + . .        (shield currently unavailable)
rNeg    . . .        h - +0 robe {rC+ rF+}
rPois   .            (no helmet)
rElec   .            i - +0 cloak {Will+}
rCorr   .            (no gloves)
SInv    .            (no boots)
Will    +....        (no amulet)
Stlth   ++           (no ring)
HPRegen 0.24/turn    (no ring)
MPRegen 0.10/turn

%: no passive effects
@: lethally poisoned (0 -> -2)
A: no striking features
a: no special abilities


You were on level 2 of the Dungeon.
You visited 1 branch of the dungeon, and saw 2 of its levels.

You collected 111 gold pieces.


   Skills:
 - Level 1.5 Fighting
 + Level 7.9 Ranged Weapons
 - Level 2.4 Dodging
 - Level 1.2 Stealth


You had 3 spell levels left.
You didn't know any spells.
Your spell library was empty.

Inventory:

Hand Weapons
 a - the +8 storm bow (weapon) {elec, penet}
   (You acquired it on level 1 of the Dungeon)
Armour
 c - a +0 leather armour
 h - a +0 robe of resistance (worn)
 i - a +0 cloak of willpower (worn)
Scrolls
 f - a scroll of identify
Potions
 d - a potion of heal wounds
 e - a potion of haste {unknown}
 g - a potion of curing {unknown}

Dungeon Overview and Level Annotations

Branches:
Dungeon (2/15)

Altars:
Zin


Message History

1492 ||| READING scroll labelled PINIEGHIZIT.
The air fills with toxic fumes!
As you read the scroll labelled PINIEGHIZIT, it crumbles to dust.
It was a scroll of poison.
Done exploring.
1493 ||| READING scroll labelled OLIPPE FUSOXU.
As you read the scroll labelled OLIPPE FUSOXU, it crumbles to dust.
It is a scroll of amnesia.
You feel forgetful for a moment.
Done exploring.
(D) Dungeon
Where to? (* - list waypoints, Enter - D:1 @ (x,y), ? - help)
What level of the Dungeon? (default 1, ? - help) Sorry, I don't know how to get there.
Enter note:
Enter note:
Enter note:
Enter note:
Enter note:
Enter note: Done exploring.
Enter note: Really walk into that cloud of poison gas?
You are engulfed in poison gas.
You are poisoned.
You feel very sick.
1495 ||| Stepping ~*~*~tactically~*~*~ (cloud).
You feel very sick.
There is a lethal amount of poison in your body!
You feel very sick.
There is a lethal amount of poison in your body!
You feel sick.
There is a lethal amount of poison in your body!
You feel sick.
There is a lethal amount of poison in your body!
You feel sick.
There is a lethal amount of poison in your body!
You feel sick.
There is a lethal amount of poison in your body!
You feel sick.
There is a lethal amount of poison in your body!
You die...

#.##.####....#.....
###+##0#..'....).....
#.¤.¤.0#0##.(..##....
#¤¤0¤00#¤##¤...######
#¤.0¤00000¤.......# #
#.00.¤¤0¤########.# #
#..¤0.¤¤.¤¤¤...##.# #
##+#0.0.¤.¤¤...##.###
#¤'@¤0¤0000...##...'
###¤¤¤.¤¤00...######
##0¤¤0¤¤00...# #
#000¤00¤.0...#
#¤¤¤000¤00...#
#000¤0########
##0¤0¤# ######


There were no monsters in sight!

Vanquished Creatures
  3 gnolls (D:2)
  4 adders (D:2)
  2 dart slugs (D:2)
  4 endoplasms
  3 giant cockroaches (D:1)
  2 goblins
  2 jackals (D:2)
  5 kobolds
  A quokka (D:2)
  3 ball pythons
  A bat (D:2)
  A frilled lizard (D:1)
  5 rats
36 creatures vanquished.

Notes
Turn   | Place    | Note
-------+----------+-------------------------------------------
     0 | D:1      | qw the Deep Elf Hunter began the quest for the Orb.
     0 | D:1      | Reached XP level 1. HP: 12/12 MP: 3/3
     0 | D:1      | 0 ||| qw: Version: 0.3-a-9-g12657ce
     0 | D:1      | 0 ||| qw: Game counter: 4560
     0 | D:1      | 0 ||| qw: Always use a shield: true
     0 | D:1      | 0 ||| qw: God list: Okawaru
     0 | D:1      | 0 ||| qw: Allow faded altars: false
     0 | D:1      | 0 ||| qw: Do Orc after D:15 true
     0 | D:1      | 0 ||| qw: Do second Lair branch before Depths: true
     0 | D:1      | 0 ||| qw: Lair rune preference: random
     0 | D:1      | 0 ||| qw: Plans: Normal
     0 | D:1      | 0 ||| PLANNING D:1-11
    57 | D:1      | Found a faded altar of an unknown god.
   561 | D:1      | Reached skill level 6 in Ranged Weapons
   561 | D:1      | Reached XP level 2. HP: 16/16 MP: 4/4
   864 | D:1      | 864 ||| READING scroll labelled MUQITU OTZAG.
   865 | D:1      | 865 ||| READING scroll labelled UDYKHO TICZEUSCH.
   865 | D:1      | Identified a scroll of acquirement
   865 | D:1      | 865 ||| ACQUIRING +8 storm bow {elec, penet}
   865 | D:1      | Acquired the +8 storm bow {elec, penet}
   865 | D:1      | Found the +8 storm bow {elec, penet}
   867 | D:1      | 867 ||| SWAPPING to +8 storm bow {elec, penet}.
   868 | D:1      | 868 ||| DROPPING +0 shortbow.
   869 | D:1      | 869 ||| READING scroll labelled USIWYSI RAOQ.
   870 | D:1      | 870 ||| READING scroll labelled SIPNIRCH KUTASM.
   871 | D:1      | 871 ||| DROPPING scroll of butterflies.
  1005 | D:2      | Reached XP level 3. HP: 20/20 MP: 5/5
  1244 | D:2      | 1244 ||| READING scroll labelled SOEPHU VUVVARO.
  1245 | D:2      | 1245 ||| READING 2 scrolls of identify.
  1245 | D:2      | 1245 ||| IDENTIFYING amethyst potion
  1286 | D:2      | Found a glowing silver altar of Zin.
  1289 | D:2      | Reached skill level 7 in Ranged Weapons
  1290 | D:2      | Reached XP level 4. HP: 25/25 MP: 6/6
  1477 | D:2      | 1477 ||| UPGRADING to +0 robe of resistance.
  1487 | D:2      | 1487 ||| UPGRADING to +0 cloak of willpower.
  1492 | D:2      | 1492 ||| READING scroll labelled PINIEGHIZIT.
  1493 | D:2      | 1493 ||| READING scroll labelled OLIPPE FUSOXU.
  1495 | D:2      | 1495 ||| Stepping ~*~*~tactically~*~*~ (cloud).
  1497 | D:2      | HP: 6/25 [poisoned by you (poison gas)]
  1500 | D:2      | HP: 2/25 [poisoned by you (poison gas)]
  1502 | D:2      | Succumbed to their own poison gas

Levels and vault maps discovered:
D:1:      kennysheep_arrival_forest, layout_loops_ring,
          ebering_ecumenical_altar_sacrificial, serial_co_window_serial,
          co_window_corner_a, co_window_corner_a, co_window_paths_b,
          co_window_corner_a, co_window_of_opportunity_a, co_window_2corner,
          co_window_corner_b, co_window_corner_b, co_window_2corner,
          co_window_of_opportunity_b, co_window_unsneaky_path_d,
          glass_columns_a, glass_columns_a, due_unseen_surprise
D:2:      layout_basic, basic_altar, grunt_decor_cap

Skill      XL: |  1  2  3 |
---------------+----------+-----
Ranged Weapons | 6 7 |  7.9
Fighting       | |  1.5
Dodging        | |  2.4
Stealth        | |  1.2

Action                     |  1- 3 |  4- 6 || total
---------------------------+-------+-------++-------
   Fire: Shortbow          |    27 |       ||    27
         Longbow           |    19 |    10 ||    29
    Use: Scroll            |     6 |     2 ||     8
  Dodge: Dodged            |     1 |     3 ||     4

Table legend:
 A = Non-vault XP
 B = Vault XP
 C = Vault XP percentage of total XP
 D = Non-vault monster count
 E = Vault monster count
 F = Vault count percentage of total count
                 A         B        C        D         E       F
            +---------+---------+-------+---------+---------+-------
      Total |     147 |       0 |   0.0 |      36 |       0 |   0.0
            +---------+---------+-------+---------+---------+-------
        D:1 |      20 |       0 |   0.0 |      13 |       0 |   0.0
        D:2 |     127 |       0 |   0.0 |      23 |       0 |   0.0
            +---------+---------+-------+---------+---------+-------
